 Dungeon Crawl Stone Soup version 0.30-a0-743-gbfdf073431 (webtiles) character file.

Game seed: 1626961538240881927

42 hikkokomori the Gusty (level 3, -4/26 HPs)
             Began as a Draconian Air Elementalist on Feb 6, 2023.
             Slain by a worm (9 damage)
             ... on level 2 of the Dungeon.
             The game lasted 00:02:05 (1315 turns).

hikkokomori the Gusty (Draconian Air Elementalist)  Turns: 1315, Time: 00:02:05

Health: -4/26      AC:  5    Str: 10    XL:     3   Next: 35%
Magic:  1/6        EV: 12    Int: 17    God:
Gold:   37         SH:  0    Dex: 11    Spells: 5/6 levels left

rFire   . . .      SeeInvis .    e - +0 dagger
rCold   . . .      Faith    .    (no shield)
rNeg    . . .      Spirit   .    (body armour unavailable)
rPois   .          Reflect  .    (helmet restricted)
rElec   .          Harm     .    (no cloak)
rCorr   .          Rampage  .    (no gloves)
Will    .....                    (no boots)
Stlth   ++                       (no amulet)
HPRegen 0.24/turn                (no ring)
MPRegen 0.10/turn                (no ring)

@: no status effects
A: AC +5, unfitting armour, cold-blooded
a: no special abilities


You were on level 2 of the Dungeon.
You visited 1 branch of the dungeon, and saw 2 of its levels.

You collected 37 gold pieces.

Inventory:

Hand Weapons
 e - a +0 dagger (weapon)
Scrolls
 b - 2 scrolls of identify {unknown}
 f - a scroll of fog {unknown}
 i - a scroll of fear {unknown}
Potions
 a - a potion of magic
 c - 2 potions of curing {unknown}
 d - a potion of lignification {unknown}
 g - a potion of attraction {unknown}
 h - a potion of degeneration {unknown}


   Skills:
 - Level 1.9 Dodging
 + Level 2.3 Stealth
 + Level 2.4 Spellcasting
 + Level 1.6 Conjurations
 + Level 3.3 Air Magic


You had 5 spell levels left.
You knew the following spells:

 Your Spells              Type           Power      Damage    Failure   Level
a - Shock                 Conj/Air       40%        1d5       7%          1

Your spell library contained the following spells:

 Spells                   Type           Power      Damage    Failure   Level
 Static Discharge         Conj/Air       20%        2-3/arc   10%         2
 Swiftness                Air            13%        N/A       14%         3
 Ensorcelled Hibernation  Hex/Ice        4%         N/A       28%         2
 Lesser Beckoning         Tloc           4%         N/A       28%         2
 Passwall                 Tmut/Erth      1%         N/A       28%         2
 Airstrike                Air            6%         2d(1-17)  41%         4
 Gell's Gravitas          Tloc           2%         N/A       50%         3
 Teleport Other           Tloc           2%         N/A       50%         3


Dungeon Overview and Level Annotations

Branches:
Dungeon (2/15)

Altars:


Innate Abilities, Weirdness & Mutations

Your plain brown scales are hard. (AC +5)
You cannot fit into any form of body armour.
You are cold-blooded and may be slowed by cold attacks.


Message History

The worm is severely wounded.
The worm bites you!
You hit the worm.
The worm is severely wounded.
The worm bites you.
You are too injured to fight recklessly!
You are too injured to fight recklessly!
You are too injured to fight recklessly!
You are too injured to fight recklessly!
You are too injured to fight recklessly!
You are too injured to fight recklessly!
You are too injured to fight recklessly!
You are too injured to fight recklessly!
You are too injured to fight recklessly!
You are too injured to fight recklessly!
You are too injured to fight recklessly!
You are too injured to fight recklessly!
You are too injured to fight recklessly!
You are too injured to fight recklessly!
You are too injured to fight recklessly!
You are too injured to fight recklessly!
You are too injured to fight recklessly!
You are too injured to fight recklessly!
You are too injured to fight recklessly!
You hit the worm.
The worm is severely wounded.
You hit the worm.
The worm is severely wounded.
The worm bites you!
* * * LOW HITPOINT WARNING * * *
You hit the worm but do no damage.
The worm is severely wounded.
You hit the worm but do no damage.
The worm is severely wounded.
The worm bites you.
* * * LOW HITPOINT WARNING * * *
You hit the worm but do no damage. You tail-slap the worm.
The worm is severely wounded.
The worm bites you!
You die...

##...#### ###.# #.#
####.####### ##
............ .#
####.####### .#
##...## #.# #.....#
#####w### ##...##
#...@...# ##.##
#.###.#.# #.# #.#
#.#.# #.# #.# #.#.#
##†## #.###.#.#
##...## #.......#
##.....## #####.###
#.......## ##.##.#
.........####...#.#


You could see a worm.

Vanquished Creatures
  An adder (D:2)
  3 ball pythons
  3 endoplasms
  2 goblins (D:1)
  3 hobgoblins
  8 kobolds
  2 quokkas (D:1)
  5 bats (D:1)
  3 frilled lizards (D:1)
  A rat (D:2)
31 creatures vanquished.

Notes
Turn   | Place    | Note
-------+----------+-------------------------------------------
     0 | D:1      | hikkokomori the Draconian Air Elementalist began the quest
                  | for the Orb.
     0 | D:1      | Reached XP level 1. HP: 14/14 MP: 3/3
   163 | D:1      | Reached XP level 2. HP: 20/20 MP: 1/5
   703 | D:2      | Reached XP level 3. HP: 26/26 MP: 6/6
  1315 | D:2      | Slain by a worm

Illustrated notes

Levels and vault maps discovered:
D:1:      tarquinn_simple_flora_water_f, layout_basic
D:2:      layout_loops_corners

Skill      XL: |  1 |
---------------+----+-----
Stealth        | 2 |  2.3
Dodging        | |  1.9
Spellcasting   | |  2.4
Conjurations   | |  1.6
Air Magic      | |  3.3

Action                     || total
---------------------------++-------
  Melee: Unarmed           ||    74
         Tailslap          ||     4
         Dagger            ||    19
   Cast: Shock             ||    50
   Stab: Sleeping          ||     2
 Armour: Skin              ||    40
  Dodge: Dodged            ||    81

Table legend: (Time is in decaauts)
 A = Elapsed time spent in this place.
 B = Non-inter-level travel time spent in this place.
 C = Inter-level travel time spent in this place.
 D = Time resting spent in this place.
 E = Time spent auto-exploring this place.
 F = Levels seen in this place.
 G = Mean time per level.
                   A        B        C        D        E       F      G
               +--------+--------+--------+--------+--------+-----+--------+
         Total |   1314 |   1298 |     16 |      0 |   1069 |   2 |  657.0 |
       Dungeon |   1314 |   1298 |     16 |      0 |   1069 |   2 |  657.0 |
               +--------+--------+--------+--------+--------+-----+--------+

Top non-repeatable levels by time:
     D:1: 699 daAuts
     D:2: 614 daAuts
